TOP OF THE 1ST |
Seattle Pikes batting - Pitching for Fresno Deplorables : RHP Dionisio Penni
|
Pitching: RHP Dionisio Penni
|
|
Batting: LHB Roberto Lozano
|
0-0: Ball 1-0: Ball 2-0: Ball 3-0: Base on Balls
|
Batting: RHB Randy Sheppard
|
0-0: Called Strike 0-1: Ball 1-1: Grounds into double play, 6-4-3 (Groundball, 6)
|
Batting: RHB Wallace Greene
|
0-0: Ball 1-0: Called Strike 1-1: Swinging Strike 1-2: DOUBLE (Flyball, 9D)
|
Batting: RHB Pete Rideout
|
0-0: Foul Ball, location: 2F 0-1: Ball 1-1: Ball 2-1: Swinging Strike 2-2: Foul Ball, location: 2F 2-2: Ball 3-2: Strikes out swinging
|
Top of the 1st over - 0 run(s), 1 hit(s), 0 error(s), 1 left on base; Seattle 0 - Fresno 0 |
BOTTOM OF THE 1ST |
Fresno Deplorables batting - Pitching for Seattle Pikes : LHP David Hill
|
Pitching: LHP David Hill
|
|
Batting: RHB Jared Thompson
|
0-0: Ground out 4-3 (Groundball, 4M)
|
Batting: LHB Paul Mullins
|
0-0: SINGLE (Flyball, 7S)
|
Batting: LHB Jeff Daniels
|
0-0: Called Strike 0-1: Called Strike 0-2: Strikes out swinging
|
Batting: LHB Troy Donaldson
|
0-0: Ball 1-0: Called Strike 1-1: SINGLE (Line Drive, 6MD) Paul Mullins to second
|
Batting: RHB Paco Arellano
|
0-0: Foul Ball, location: 2F 0-1: Ball 1-1: Swinging Strike 1-2: Strikes out swinging
|
Bottom of the 1st over - 0 run(s), 2 hit(s), 0 error(s), 2 left on base; Seattle 0 - Fresno 0 |
TOP OF THE 2ND |
Seattle Pikes batting - Pitching for Fresno Deplorables : RHP Dionisio Penni
|
Batting: RHB Iván Gonzáles
|
0-0: Swinging Strike 0-1: Foul Ball, location: 2F 0-2: Foul Ball, location: 2F 0-2: Ball 1-2: Ball 2-2: Ground out 6-3 (Groundball, 6M)
|
Batting: SHB Nate Rhodes
|
0-0: Called Strike 0-1: Ball 1-1: Foul Ball, location: 2F 1-2: SINGLE (Groundball, 34S) (infield hit)
|
Batting: RHB Germán Rosales
|
0-0: Called Strike 0-1: Ball 1-1: Swinging Strike 1-2: Strikes out swinging
|
Batting: RHB Arnold Harmon
|
0-0: Called Strike 0-1: Ball 1-1: Ball 2-1: Fielders Choice at 2nd, 4-6 (Groundball, 4)
|
Top of the 2nd over - 0 run(s), 1 hit(s), 0 error(s), 0 left on base; Seattle 0 - Fresno 0 |
BOTTOM OF THE 2ND |
Fresno Deplorables batting - Pitching for Seattle Pikes : LHP David Hill
|
Batting: RHB António Zúńiga
|
0-0: Called Strike 0-1: SINGLE (Groundball, 6D)
|
Batting: RHB Pablo Castillo
|
0-0: Ball 1-0: Called Strike 1-1: Ball 2-1: Ball 3-1: Foul Ball, location: 2F 3-2: Grounds into double play, 5-4-3 (Groundball, 5)
|
Batting: RHB Robert Bly
|
0-0: Ball 1-0: Called Strike 1-1: Foul Ball, location: 2F 1-2: Ball 2-2: Foul Ball, location: 2F 2-2: Ground out 6-3 (Groundball, 6S)
|
Bottom of the 2nd over - 0 run(s), 1 hit(s), 0 error(s), 0 left on base; Seattle 0 - Fresno 0 |
TOP OF THE 3RD |
Seattle Pikes batting - Pitching for Fresno Deplorables : RHP Dionisio Penni
|
Batting: RHB Bill Mark
|
0-0: Ball 1-0: Called Strike 1-1: Called Strike 1-2: Strikes out swinging
|
Batting: LHB Roberto Lozano
|
0-0: Foul Ball, location: 2F 0-1: Ball 1-1: Foul Ball, location: 2F 1-2: Strikes out swinging
|
Batting: RHB Randy Sheppard
|
0-0: Ball 1-0: Ball 2-0: Called Strike 2-1: Ball 3-1: SOLO HOME RUN (Flyball, 7D), Distance : 353 ft
|
Batting: RHB Wallace Greene
|
0-0: Ball 1-0: Reached on error, E4 (Groundball, 4)
|
Batting: RHB Pete Rideout
|
0-0: Fielders Choice at 2nd, 6-4 (Groundball, 6)
|
Top of the 3rd over - 1 run(s), 1 hit(s), 1 error(s), 0 left on base; Seattle 1 - Fresno 0 |
BOTTOM OF THE 3RD |
Fresno Deplorables batting - Pitching for Seattle Pikes : LHP David Hill
|
Batting: RHB Jesús Gutiérrez
|
0-0: Foul Ball, location: 2F 0-1: DOUBLE (Flyball, 78D)
|
Batting: RHB Jared Thompson
|
0-0: Ground out 6-3 (Groundball, 6)
|
Batting: LHB Paul Mullins
|
0-0: Ball 1-0: Ball 2-0: Called Strike 2-1: Ball 3-1: Called Strike 3-2: Strikes out swinging
|
Batting: LHB Jeff Daniels
|
0-0: Ball 1-0: Called Strike 1-1: Fly out, F7 (Flyball, 7S)
|
Bottom of the 3rd over - 0 run(s), 1 hit(s), 0 error(s), 1 left on base; Seattle 1 - Fresno 0 |
TOP OF THE 4TH |
Seattle Pikes batting - Pitching for Fresno Deplorables : RHP Dionisio Penni
|
Batting: RHB Iván Gonzáles
|
0-0: SINGLE (Groundball, 34D)
|
Batting: SHB Nate Rhodes
|
0-0: Foul Ball, location: 2F 0-1: Fly out, F8 (Flyball, 8RXD)
|
Batting: RHB Germán Rosales
|
0-0: Ground out 6-3 (Groundball, 6S) Iván Gonzáles to second
|
Batting: RHB Arnold Harmon
|
0-0: Foul Ball, location: 2F 0-1: Foul Ball, location: 2F 0-2: Ball 1-2: Foul Ball, location: 2F 1-2: Ground out 1-3 (Groundball, 15S)
|
Top of the 4th over - 0 run(s), 1 hit(s), 0 error(s), 1 left on base; Seattle 1 - Fresno 0 |
BOTTOM OF THE 4TH |
Fresno Deplorables batting - Pitching for Seattle Pikes : LHP David Hill
|
Batting: LHB Troy Donaldson
|
0-0: Called Strike 0-1: Ground out 4-3 (Groundball, 4)
|
Batting: RHB Paco Arellano
|
0-0: SINGLE (Flyball, 89S)
|
Batting: RHB António Zúńiga
|
0-0: Ball 1-0: Fly out, F7 (Flyball, 7D)
|
Batting: RHB Pablo Castillo
|
0-0: Called Strike 0-1: Ball 1-1: Swinging Strike 1-2: Ball 2-2: Foul Ball, location: 2F 2-2: Foul Ball, location: 2F 2-2: Strikes out swinging
|
Bottom of the 4th over - 0 run(s), 1 hit(s), 0 error(s), 1 left on base; Seattle 1 - Fresno 0 |
TOP OF THE 5TH |
Seattle Pikes batting - Pitching for Fresno Deplorables : RHP Dionisio Penni
|
Batting: RHB Bill Mark
|
0-0: Called Strike 0-1: Ground out 5-3 (Groundball, 56S)
|
Batting: LHB Roberto Lozano
|
0-0: Ball 1-0: Foul Ball, location: 2F 1-1: Swinging Strike 1-2: Ground out 6-3 (Groundball, 6M)
|
Batting: RHB Randy Sheppard
|
0-0: Called Strike 0-1: Called Strike 0-2: Strikes out swinging
|
Top of the 5th over - 0 run(s), 0 hit(s), 0 error(s), 0 left on base; Seattle 1 - Fresno 0 |
BOTTOM OF THE 5TH |
Fresno Deplorables batting - Pitching for Seattle Pikes : LHP David Hill
|
Batting: RHB Robert Bly
|
0-0: Fly out, F8 (Flyball, 8RM)
|
Batting: RHB Jesús Gutiérrez
|
0-0: Called Strike 0-1: Foul Ball, location: 2F 0-2: Foul Ball, location: 2F 0-2: Fly out, F8 (Flyball, 8LD)
|
Batting: RHB Jared Thompson
|
0-0: Called Strike 0-1: Ball 1-1: Foul Ball, location: 2F 1-2: Foul Ball, location: 2F 1-2: Ball 2-2: Foul Ball, location: 2F 2-2: Foul Ball, location: 2F 2-2: Ball 3-2: Foul Ball, location: 2F 3-2: Foul Ball, location: 2F 3-2: Foul Ball, location: 2F 3-2: Strikes out swinging
|
Bottom of the 5th over - 0 run(s), 0 hit(s), 0 error(s), 0 left on base; Seattle 1 - Fresno 0 |
TOP OF THE 6TH |
Seattle Pikes batting - Pitching for Fresno Deplorables : RHP Dionisio Penni
|
Batting: RHB Wallace Greene
|
0-0: Swinging Strike 0-1: Ball 1-1: SINGLE (Groundball, 34D)
|
Batting: RHB Pete Rideout
|
0-0: Ball
|
|
|
|
1-0: Called Strike 1-1: Grounds into double play, 6-4-3 (Groundball, 6)
|
Batting: RHB Iván Gonzáles
|
0-0: Called Strike 0-1: Swinging Strike 0-2: Ball 1-2: Ball 2-2: Ball 3-2: SINGLE (Groundball, 4D)
|
Pitching: RHP Ron Biller
|
|
Pinch Runner at 1st Henning Huisman:
|
|
Batting: SHB Nate Rhodes
|
0-0: Foul Ball, location: 2F 0-1: Ball Henning Huisman steals 2nd base 1-1: Ball 2-1: Foul Ball, location: 2F 2-2: Strikes out swinging
|
Top of the 6th over - 0 run(s), 2 hit(s), 0 error(s), 1 left on base; Seattle 1 - Fresno 0 |
BOTTOM OF THE 6TH |
Fresno Deplorables batting - Pitching for Seattle Pikes : LHP David Hill
|
Now at 3B: Gary Kern
|
|
Batting: LHB Paul Mullins
|
0-0: Fly out, F7 (Flyball, 7)
|
Batting: LHB Jeff Daniels
|
0-0: Foul Ball, location: 2F 0-1: Ball 1-1: Fly out, F7 (Flyball, 7)
|
Batting: LHB Troy Donaldson
|
0-0: Foul Ball, location: 2F 0-1: Foul Ball, location: 2F 0-2: Ball 1-2: Foul Ball, location: 2F 1-2: DOUBLE (Line Drive, 78D)
|
Batting: RHB Paco Arellano
|
0-0: Called Strike 0-1: Swinging Strike 0-2: Ball 1-2: Strikes out looking
|
Bottom of the 6th over - 0 run(s), 1 hit(s), 0 error(s), 1 left on base; Seattle 1 - Fresno 0 |
TOP OF THE 7TH |
Seattle Pikes batting - Pitching for Fresno Deplorables : RHP Ron Biller
|
Batting: RHB Germán Rosales
|
0-0: Ball 1-0: Swinging Strike 1-1: Ball 2-1: Swinging Strike 2-2: Foul Ball, location: 2F 2-2: Strikes out swinging
|
Batting: RHB Arnold Harmon
|
0-0: Ball 1-0: Ball 2-0: Foul Ball, location: 2F 2-1: Swinging Strike 2-2: Strikes out swinging
|
Batting: RHB Bill Mark
|
0-0: Ball 1-0: Called Strike 1-1: Foul Ball, location: 2F 1-2: Ball 2-2: Ground out 6-3 (Groundball, 56D)
|
Top of the 7th over - 0 run(s), 0 hit(s), 0 error(s), 0 left on base; Seattle 1 - Fresno 0 |
BOTTOM OF THE 7TH |
Fresno Deplorables batting - Pitching for Seattle Pikes : LHP David Hill
|
Batting: RHB António Zúńiga
|
0-0: Ball 1-0: Swinging Strike 1-1: Ball 2-1: SINGLE (Flyball, 78S)
|
Pitching: RHP Roberto Matoza
|
|
Pinch Hitting: RHB Alberto Campos
|
0-0: Bunted foul 0-1: Sac Bunt - play at second, runner safe!
|
Batting: RHB Robert Bly
|
0-0: Called Strike 0-1: Swinging Strike 0-2: Strikes out swinging
|
Batting: RHB Jesús Gutiérrez
|
0-0: Grounds into double play, 4-6-3 (Groundball, 34)
|
Bottom of the 7th over - 0 run(s), 1 hit(s), 0 error(s), 1 left on base; Seattle 1 - Fresno 0 |
TOP OF THE 8TH |
Seattle Pikes batting - Pitching for Fresno Deplorables : RHP Ron Biller
|
Pitching: LHP Eduardo Trujillo
|
|
Now at 3B: Augusto Baiano
|
|
Batting: LHB Roberto Lozano
|
0-0: Fly out, F8 (Flyball, 8LM)
|
Pitching: LHP Allan Bader
|
|
Batting: RHB Randy Sheppard
|
0-0: Ball 1-0: Foul Ball, location: 2F 1-1: Swinging Strike 1-2: Strikes out looking
|
Batting: RHB Wallace Greene
|
0-0: Ground out U3 (Groundball, 34)
|
Top of the 8th over - 0 run(s), 0 hit(s), 0 error(s), 0 left on base; Seattle 1 - Fresno 0 |
BOTTOM OF THE 8TH |
Fresno Deplorables batting - Pitching for Seattle Pikes : RHP Roberto Matoza
|
Pitching: LHP Manny Sandoval
|
|
Batting: RHB Jared Thompson
|
0-0: Called Strike 0-1: Ball 1-1: Ball 2-1: Called Strike 2-2: Ground out 4-3 (Groundball, 4)
|
Batting: LHB Paul Mullins
|
0-0: Foul Ball, location: 2F 0-1: Ball 1-1: Ball 2-1: Foul Ball, location: 2F 2-2: Ball 3-2: Fly out, F8 (Flyball, 8RD)
|
Batting: LHB Jeff Daniels
|
0-0: Called Strike 0-1: Ball 1-1: Foul Ball, location: 2F 1-2: Strikes out swinging
|
Bottom of the 8th over - 0 run(s), 0 hit(s), 0 error(s), 0 left on base; Seattle 1 - Fresno 0 |
TOP OF THE 9TH |
Seattle Pikes batting - Pitching for Fresno Deplorables : LHP Allan Bader
|
Batting: RHB Pete Rideout
|
0-0: Ball 1-0: Foul Ball, location: 2F 1-1: Ground out 6-3 (Groundball, 6)
|
Batting: LHB Gary Kern
|
0-0: Ball 1-0: Ball 2-0: Called Strike 2-1: Swinging Strike 2-2: Ground out 3-1 (Groundball, 34)
|
Batting: SHB Nate Rhodes
|
0-0: Called Strike 0-1: Fly out, F9 (Flyball, 9)
|
Top of the 9th over - 0 run(s), 0 hit(s), 0 error(s), 0 left on base; Seattle 1 - Fresno 0 |
BOTTOM OF THE 9TH |
Fresno Deplorables batting - Pitching for Seattle Pikes : LHP Manny Sandoval
|
Pitching: LHP Cristián Escobar
|
|
Now at 1B: Orlando Núńes
|
|
Batting: LHB Troy Donaldson
|
0-0: Called Strike 0-1: Ball 1-1: Foul Ball, location: 2F 1-2: Foul Ball, location: 2F 1-2: Ball 2-2: Ball 3-2: Strikes out swinging
|
Batting: RHB Paco Arellano
|
0-0: Ball 1-0: Ball 2-0: Foul Ball, location: 2F 2-1: SOLO HOME RUN (Flyball, 7D), Distance : 362 ft
|
Batting: RHB António Zúńiga
|
0-0: Ball 1-0: Called Strike 1-1: Ball 2-1: Ground out 6-3 (Groundball, 56)
|
Pinch Hitting: RHB Peter Hensley
|
0-0: Ball 1-0: Ball 2-0: Foul Ball, location: 2F 2-1: Called Strike 2-2: Strikes out swinging
|
Bottom of the 9th over - 1 run(s), 1 hit(s), 0 error(s), 0 left on base; Seattle 1 - Fresno 1 |
TOP OF THE 10TH |
Seattle Pikes batting - Pitching for Fresno Deplorables : LHP Allan Bader
|
Pitching: LHP Valentín Reséndez
|
|
Now at 3B: Gabriel Miranda
|
|
Batting: RHB Germán Rosales
|
0-0: Ball 1-0: Ball 2-0: Foul Ball, location: 2F 2-1: Called Strike 2-2: Ball 3-2: Strikes out swinging
|
Pinch Hitting: SHB António Hernández
|
0-0: Called Strike 0-1: Ball 1-1: Fly out, F9 (Flyball, 9LS)
|
Pinch Hitting: RHB Manuel Rico
|
0-0: Foul Ball, location: 2F 0-1: Ground out 5-3 (Groundball, 56)
|
Top of the 10th over - 0 run(s), 0 hit(s), 0 error(s), 0 left on base; Seattle 1 - Fresno 1 |
BOTTOM OF THE 10TH |
Fresno Deplorables batting - Pitching for Seattle Pikes : LHP Cristián Escobar
|
Now at 1B: António Hernández
|
|
Now at SS: Richard Bowman
|
|
Batting: RHB Robert Bly
|
0-0: Ball 1-0: Ball 2-0: Foul Ball, location: 2F 2-1: Foul Ball, location: 2F 2-2: Ground out 6-3 (Groundball, 56)
|
Batting: RHB Jesús Gutiérrez
|
0-0: Fly out, F9 (Flyball, 9LS)
|
Batting: RHB Jared Thompson
|
0-0: Called Strike 0-1: Ball 1-1: Ball 2-1: Foul Ball, location: 2F 2-2: Ground out 5-3 (Groundball, 56)
|
Bottom of the 10th over - 0 run(s), 0 hit(s), 0 error(s), 0 left on base; Seattle 1 - Fresno 1 |
TOP OF THE 11TH |
Seattle Pikes batting - Pitching for Fresno Deplorables : LHP Valentín Reséndez
|
Pinch Hitting: RHB Will Brown
|
0-0: Ball 1-0: Swinging Strike 1-1: Foul Ball, location: 2F 1-2: Strikes out looking
|
Batting: RHB Randy Sheppard
|
0-0: Foul Ball, location: 2F 0-1: Ball 1-1: Swinging Strike 1-2: Ball 2-2: Ball 3-2: Base on Balls
|
Batting: RHB Wallace Greene
|
0-0: Called Strike 0-1: Ball 1-1: Foul Ball, location: 2F 1-2: Strikes out looking
|
Batting: RHB Pete Rideout
|
0-0: Called Strike 0-1: Ball 1-1: SINGLE (Groundball, 25) (infield hit) Randy Sheppard to second
|
Pinch Hitting: RHB Robinson Pacheco
|
0-0: 3-RUN HOME RUN (Flyball, 8LXD), Distance : 402 ft
|
Batting: SHB Nate Rhodes
|
0-0: Ball 1-0: Foul Ball, location: 2F 1-1: Foul Ball, location: 2F 1-2: Strikes out swinging
|
Top of the 11th over - 3 run(s), 2 hit(s), 0 error(s), 0 left on base; Seattle 4 - Fresno 1 |
BOTTOM OF THE 11TH |
Fresno Deplorables batting - Pitching for Seattle Pikes : LHP Cristián Escobar
|
Pitching: RHP Orlando Ojeda
|
|
Now at 3B: Robinson Pacheco
|
|
Now in CF: Hamilton Holbrook
|
|
Batting: LHB Paul Mullins
|
0-0: Foul Ball, location: 2F 0-1: Foul Ball, location: 2F 0-2: Foul Ball, location: 2F 0-2: Ball 1-2: Strikes out swinging
|
Batting: LHB Jeff Daniels
|
0-0: Swinging Strike 0-1: Fly out, F4 (Popup, 34)
|
Batting: LHB Troy Donaldson
|
0-0: SINGLE (Groundball, 34) (infield hit)
|
Batting: RHB Paco Arellano
|
0-0: Ball 1-0: Swinging Strike 1-1: Foul Ball, location: 2F 1-2: Ball 2-2: Strikes out swinging
|
Bottom of the 11th over - 0 run(s), 1 hit(s), 0 error(s), 1 left on base; Seattle 4 - Fresno 1 |
|
Tuesday, August 8th, 2017 - OOTP Baseball 17.12 Build 75
|
|